cohdb
Replays
Latest Replays
All Replays
Popular Replays
Top Player Replays
Match Explorer
How It Works
Community
CoH3 Stats
Reddit
Sign in to upload your games and track your stats! →
Sign in with Steam
Match 42726527
Unlisted
Match 42726527
Overview
Messages
Build Orders
End
Construct Infanterie Kompanie
Pioneer Squad
MG 42 Machine Gun Team
Selects Terror Battlegroup
Selects Terror Battlegroup
Selects Machine Gun Camouflage
MG 42 Machine Gun Team
Grenadier Squad
Construct Luftwaffe Kompanie
Jäger Squad
Jäger Squad
Support Elements
Selects Defend the Fatherland
Wirbelwind Flakpanzer
Wirbelwind Flakpanzer
Side Skirts
Luftwaffe Officer Quarters
Medical Bunker
Jäger Squad
Jäger Squad
Selects King Tiger Heavy Tank
King Tiger Heavy Tank
Dragoness
Bacon
krouw.so
Combustible Lemons
Dawes
Arch3r
MAPE
ChesTerMUST
0
0
Comments
sign in to comment!
No comments posted yet!